 Dungeon Crawl Stone Soup version 0.13.0-18-g7b03ea5 (webtiles) character file.

92 Econoterrorist the Slasher (level 3, -1/23 HPs)
             Began as a High Elf Skald on Oct 23, 2013.
             Slain by a quokka (3 damage)
             ... on Level 2 of the Dungeon.
             The game lasted 00:04:51 (1323 turns).

Econoterrorist the Slasher (High Elf Skald)         Turns: 1323, Time: 00:04:51

HP  -1/23        AC  3     Str 12      XL: 3   Next: 10%
MP   6/8         EV 10     Int 16      God:
Gold 60          SH  0     Dex 14      Spells:  2 memorised,  4 levels left

Res.Fire  : . . .   See Invis. : .   a - +0 elf falchion
Res.Cold  : . . .   Warding    : .   b - +0 elf leather armour
Life Prot.: . . .   Conserve   : .   (no shield)
Res.Poison: .       Res.Corr.  : .   (no helmet)
Res.Elec. : .       Clarity    : .   (no cloak)
Sust.Abil.: . .     Spirit.Shd : .   (no gloves)
Res.Mut.  : .       Stasis     : .   (no boots)
Res.Rott. : .       Flight     : +   (no amulet)
Saprovore : . . .                    (no ring)
                                     (no ring)

@: flying, mildly poisoned, slightly resistant to hostile enchantments,
unstealthy
A: no striking features
a: no special abilities


You were on level 2 of the Dungeon.
You were not hungry.

You visited 1 branch of the dungeon, and saw 2 of its levels.

You collected 40 gold pieces.

Inventory:

Hand weapons
 a - a +0,+0 elven falchion (weapon)
Armour
 b - a +0 elven leather armour (worn)
Comestibles
 d - 3 bread rations
 h - an apple
 n - a meat ration
Scrolls
 e - a scroll of enchant armour {unknown}
 f - a scroll of fear {unknown}
 i - a scroll of magic mapping {unknown}
 j - 3 scrolls of remove curse {unknown}
 o - a scroll of teleportation {unknown}
 p - a scroll of amnesia {unknown}
Potions
 g - a potion of might {unknown}
 k - a potion of flight
 l - a potion of agility {unknown}
 m - a potion of curing {unknown}
 q - a potion of restore abilities {unknown}
 r - a potion of brilliance {unknown}
Books
 c - a book of Battle

   Spells                             Type                      Level
   *Infusion                          Charms                       1
   *Shroud of Golubria                Charms/Translocation         2
   Song of Slaying                    Charms                       2
   Spectral Weapon                    Hexes/Charms                 3
   Regeneration                       Charms/Necromancy            3
   Song of Shielding                  Charms                       4


   Skills:
 - Level 2.0 Fighting
 - Level 4.0 Long Blades
 - Level 0.8 Armour
 - Level 1.1 Dodging
 + Level 2.6 Spellcasting
 + Level 3.8 Charms


You had 4 spell levels left.
You knew the following spells:

 Your Spells              Type           Power        Failure   Level  Hunger
a - Infusion              Chrm           ##....       4%          1    #......
b - Shroud of Golubria    Chrm/Tloc      #.........   14%         2    ##.....


Dungeon Overview and Level Annotations

Branches:
Dungeon (2/27)

Altars:


Message History

* * * LOW HITPOINT WARNING * * *
You feel sick.
You hit the quokka.
The quokka is moderately wounded.
The quokka closely misses you.
The quokka bites you but does no damage.
You miss the quokka.
The quokka is moderately wounded.
The quokka bites you.
* * * LOW HITPOINT WARNING * * *
You barely miss the quokka.
The quokka is moderately wounded.
The quokka misses you.
You hit the quokka but do no damage.
The quokka is moderately wounded.
The quokka barely misses you.
Drink which item? (? for menu, Esc to quit)
You feel very buoyant.
You fly up into the air.
It was a potion of flight.
The quokka bites you.
You die...

.?. #.# #.# ... .
#.# . #.# . #.#
#r# #####@#
#.....#
############.###.#
.............# #.#
##.####.####.# #.#
.#.#..'.)..#.# #.#
.#.#..#.#..#.# ...
##.#'##.#+##.# ...
.............# #.#


You could see a quokka.

Vanquished Creatures
  An adder (D:2)
  An ooze (D:1)
  A giant cockroach (D:1)
  4 hobgoblins
  4 bats
  4 goblins
  2 jackals (D:1)
  2 kobolds
  A quokka (D:2)
  4 rats
24 creatures vanquished.

Notes
Turn   | Place    | Note
--------------------------------------------------------------
     0 | D:1      | Econoterrorist, the High Elf Skald, began the quest for the Orb.
     0 | D:1      | Reached XP level 1. HP: 13/13 MP: 4/4
     2 | D:1      | Noticed a human
     2 | D:1      | Noticed a spriggan
     4 | D:1      | Noticed a felid
     4 | D:1      | Noticed an ogre
     6 | D:1      | Noticed a naga
     8 | D:1      | Noticed a minotaur
     8 | D:1      | Noticed a tengu
    10 | D:1      | Noticed a demonspawn
    10 | D:1      | Noticed an octopode
    12 | D:1      | Noticed a demigod
    12 | D:1      | Noticed a draconian
    14 | D:1      | Noticed a centaur
    14 | D:1      | Noticed a merfolk
    16 | D:1      | Noticed a vampire
    18 | D:1      | Noticed a dwarf
    18 | D:1      | Noticed a troll
    20 | D:1      | Noticed an elf
    22 | D:1      | Noticed a ghoul
   313 | D:1      | Reached XP level 2. HP: 5/18 MP: 0/6
  1066 | D:2      | Learned a level 2 spell: Shroud of Golubria
  1161 | D:2      | Reached skill level 4 in Long Blades
  1318 | D:2      | Reached XP level 3. HP: 6/23 MP: 5/8
  1323 | D:2      | Slain by a quokka

Action                   || total
-------------------------++-------
Melee: Falchion          ||    65
 Cast: Infusion          ||     4
       Shroud of Golubri ||     2
  Use: Potion            ||     1
